 Dungeon Crawl Stone Soup version 0.27.1-34-g3ba077fa99 (webtiles) character file.

Game seed: 2442568812897121329

48 pkoi the Insei (level 3, 0/31 HPs)
             Began as a Draconian Monk on Jan 17, 2022.
             Slain by Jessica (3 damage)
             ... on level 2 of the Dungeon.
             The game lasted 00:01:02 (1705 turns).

pkoi the Insei (Draconian Monk)                     Turns: 1705, Time: 00:01:03

Health: 0/31       AC:  5    Str: 13    XL:     3   Next: 50%
Magic:  3/3        EV: 12    Int: 11    God:
Gold:   65         SH:  0    Dex: 13    Spells: 2/2 levels left

rFire    . . .     SeeInvis .     - Unarmed
rCold    . . .     Faith    .   (no shield)
rNeg     . . .     Spirit   .   (armour unavailable)
rPois    .         Reflect  .   (helmet restricted)
rElec    .         Harm     .   (no cloak)
rCorr    .         Rampage  .   (no gloves)
Will     .....                  (no boots)
Stlth    ++........             (no amulet)
HPRegen  0.10/turn              (no ring)
MPRegen  0.08/turn              (no ring)

@: mighty, slowed, very slow
A: AC +5, unfitting armour, cold-blooded
a: no special abilities


You were on level 2 of the Dungeon.
You visited 1 branch of the dungeon, and saw 2 of its levels.

You collected 65 gold pieces.

Inventory:

Hand Weapons
 a - a +0 dagger
Scrolls
 b - 2 scrolls of identify {unknown}
 d - a scroll of magic mapping {unknown}
 e - a scroll of enchant armour {unknown}
Potions
 f - a potion of brilliance {unknown}


   Skills:
 - Level 3.2 Fighting
 - Level 2.6 Dodging
 - Level 1.7 Stealth
 + Level 4.6 Unarmed Combat


You had 2 spell levels left.
You didn't know any spells.
Your spell library was empty.

Dungeon Overview and Level Annotations

Branches:
Dungeon (2/15)

Altars:

Annotations:
D:2 Jessica


Innate Abilities, Weirdness & Mutations

Your plain brown scales are hard. (AC +5)
You cannot fit into any form of body armour.
You are cold-blooded and may be slowed by cold attacks.


Message History

The kobold barely misses you.
Jessica gestures wildly while chanting.
Jessica seems to speed up.
You closely miss Jessica.
You tail-slap Jessica, but do no damage.
Jessica is almost dead.
Jessica casts a spell at you.
You feel yourself slow down. The kobold hits you with a +0 whip.
You barely miss Jessica.
Jessica is almost dead.
Jessica casts a spell at you. Pain shoots through your body!
Jessica closely misses you. The kobold misses you.
Unknown command.
You hit Jessica but do no damage.
Jessica is almost dead.
Jessica gestures wildly while chanting.
Jessica blinks!
The kobold hits you with a +0 whip. The ball python closely misses you.
The ball python completely misses you. The kobold closely misses you.
The ball python closely misses you. The ball python barely misses you.
Unknown command.
You hit the ball python.
The ball python is severely wounded.
The ball python bites you but does no damage.
The ball python grabs you. The ball python constricts you.
The kobold hits you with a +0 whip.
You hit the ball python.
You kill the ball python!
Jessica points at you and mumbles some strange words.
Pain shoots through your body!
* * * LOW HITPOINT WARNING * * *
Jessica hits you with a +0 club.
* * * LOW HITPOINT WARNING * * *
The kobold closely misses you.
It was a potion of might.
You feel very mighty all of a sudden. Jessica hits you but does no damage.
The kobold barely misses you. Jessica hits you with a +0 club.
You die...

##.#...# #.######## #.
#.......[. ..
#.#####.## #. ##.# #.#
#. ...# #.# #.###
########.######...
...............†@#
########.#######@##.###
#.........K......
###.........#####
#.#####.#.# #.# #.#.#
#.# #.#.# #.# #.# # #.#
#.# .[. .#


You could see Jessica (fast) and a kobold.

Vanquished Creatures
  2 adders (D:2)
  2 worms (D:2)
  2 endoplasms (D:2)
  3 giant cockroaches
  A goblin (D:1)
  6 ball pythons
  3 bats (D:1)
  A frilled lizard (D:1)
  2 kobolds (D:1)
  5 rats
27 creatures vanquished.

Notes
Turn   | Place    | Note
-------+----------+-------------------------------------------
     0 | D:1      | pkoi the Draconian Monk began the quest for the Orb.
     0 | D:1      | Reached XP level 1. HP: 19/19 MP: 1/1
   110 | D:1      | Found a faded altar of an unknown god.
   294 | D:1      | Reached XP level 2. HP: 26/26 MP: 2/2
  1161 | D:2      | Reached skill level 4 in Unarmed Combat
  1174 | D:2      | Reached XP level 3. HP: 12/31 MP: 3/3
  1695 | D:2      | Noticed Jessica
  1705 | D:2      | Slain by Jessica

Illustrated notes

Levels and vault maps discovered:
D:1:      shiori_arrival_oz, layout_loops_corners,
          hellmonk_ecumenical_altar_zigzags
D:2:      layout_loops_ring, roderic_filled_cross, uniq_jessica

Skill      XL: |  1  2 |
---------------+-------+-----
Unarmed Combat | 4 |  4.6
Fighting       | |  3.2
Dodging        | |  2.6
Stealth        | |  1.7

Action                   || total
-------------------------++-------
Melee: Unarmed           ||    92
       Tailslap          ||     8
       Punch             ||     2
  Use: Scroll            ||     1
       Potion            ||     1
 Stab: Sleeping          ||    10
Armor: Skin              ||    16
Dodge: Dodged            ||    50
